 Dungeon Crawl Stone Soup version 0.18.1-6-gd335043 (webtiles) character file.

127 HungrySpirit the Changer (level 5, 0/33 HPs)
             Began as an Octopode Transmuter on May 18, 2016.
             Succumbed to an adder's poison
             ... on level 3 of the Dungeon.
             The game lasted 00:02:55 (2570 turns).

HungrySpirit the Changer (Octopode Transmuter)      Turns: 2570, Time: 00:02:56

Health: 0/33       AC:  1    Str: 10    XL:     5   Next: 11%
Magic:  17/17      EV: 14    Int: 20    God:
Gold:   176        SH:  0    Dex: 13    Spells: 3 memorised, 2 levels left

rFire  . . .     SeeInvis .       - Unarmed
rCold  . . .     Gourm    .     (no shield)
rNeg   . . .     Faith    .     (helmet restricted)
rPois  .         Spirit   .     (no amulet)
rElec  .         Dismiss  .     g - ring of magical power
rCorr  .         Reflect  .     (no ring)
SustAt .         Harm     .     (no ring)
MR     .....                    (no ring)
Stlth  ++........               (no ring)
                                (no ring)
                                (no ring)
                                (no ring)

@: brilliant, lethally poisoned (0 -> -15), not resistant to hostile
enchantments, unstealthy
A: almost no armour, amphibious, 8 rings, constrict 8, repulsion field 1,
camouflage 1, gelatinous body 1
a: no special abilities


You were on level 3 of the Dungeon.
You were hungry.

You visited 1 branch of the dungeon, and saw 3 of its levels.

You collected 176 gold pieces.

Inventory:

Missiles
 a - 47 arrows
 e - 4 javelins of penetration (quivered)
Jewellery
 g - a ring of magical power (left tentacle)
 o - an uncursed ring of stealth {unknown}
Scrolls
 d - 4 scrolls of immolation {unknown}
 i - a scroll of recharging {unknown}
 m - a scroll of remove curse {unknown}
 q - a scroll of identify {unknown}
 x - 3 scrolls of fog {unknown}
Potions
 h - a potion of cancellation
 j - a potion of lignification {unknown}
 k - a potion of degeneration {unknown}
 l - a potion of magic
 n - a potion of agility {unknown}
 p - a potion of berserk rage {unknown}
 r - a potion of mutation {unknown}
 u - a potion of heal wounds {unknown}
 w - a potion of ambrosia {unknown}
Books
 b - a book of Changes

   Spells                             Type                      Level
   a - Beastly Appendage              Transmutation                1
   b - Sticks to Snakes               Transmutation                2
   c - Spider Form                    Transmutation/Poison         3
   d - Ice Form                       Ice/Transmutation            4
   e - Blade Hands                    Transmutation                5
Comestibles
 c - 4 bread rations
 f - 4 meat rations
 v - a slice of pizza


   Skills:
 - Level 1.0 Fighting
 - Level 2.0 Dodging
 + Level 4.0 Unarmed Combat
 - Level 2.0 Spellcasting
 * Level 4.2 Transmutations


You had 2 spell levels left.
You knew the following spells:

 Your Spells              Type           Power        Failure   Level  Hunger
a - Beastly Appendage     Trmt           ####..       1%          1    #......
b - Sticks to Snakes      Trmt           ####....     1%          2    ##.....
c - Spider Form           Trmt/Pois      ###.......   2%          3    ###....


Dungeon Overview and Level Annotations

Branches:
Dungeon (3/15)

Altars:
The Shining One


Innate Abilities, Weirdness & Mutations

You cannot wear most types of armour.
You are amphibious.
You can wear up to eight rings at the same time.
You can use your tentacles to constrict eight enemies at once.
Your skin changes colour to match your surroundings (Stealth).
Your rubbery body absorbs attacks (AC +1).
You are surrounded by a mild repulsion field (EV +2).


Message History

It was a potion of cancellation.
Your magical effects are unravelling.
You feel magically purged.
* * * LOW HITPOINT WARNING * * *
You feel sick.
Drink which item? (? for menu, Esc to quit)
It was a potion of magic.
Magic courses through your body.
Your tentacle spike disappears.
* * * LOW HITPOINT WARNING * * *
You feel sick.
Drink which item? (? for menu, Esc to quit)
It was a potion of brilliance.
You feel clever all of a sudden.
* * * LOW HITPOINT WARNING * * *
You feel sick.
Drink which item? (? for menu, Esc to quit)
It was a potion of beneficial mutation.
You begin to radiate repulsive energy.
You feel fantastic!
You die...

#.#.................##.#...###
###.#...............##.##....##
#.#...............##....#...#
#.#...............#######.#..
#####..........##>..... ..##.
#......##.###..##.###.# #... .
#..............##.# #.# #..#
#......##.#.#..##.# #.# #..#
#......##.#.#...@.# ##.#
#......##.#....#### #.#
#....(.##.......
#.........###...# #......##
#.#.# #######. #.#.# #. .# #.


There were no monsters in sight!

Vanquished Creatures
  Terence (D:2)
  4 adders
  An ooze (D:2)
  4 worms (D:2)
  A dart slug (D:3)
  5 orcs (D:3)
  2 giant cockroaches
  7 goblins
  6 hobgoblins
  4 jackals (D:1)
  2 kobolds (D:1)
  5 bats
  2 rats (D:1)
44 creatures vanquished.

Notes
Turn   | Place    | Note
--------------------------------------------------------------
     0 | D:1      | HungrySpirit the Octopode Transmuter began the quest for the Orb.
     0 | D:1      | Reached XP level 1. HP: 13/13 MP: 3/3
   252 | D:1      | Reached XP level 2. HP: 11/18 MP: 5/5
   923 | D:1      | Learned a level 2 spell: Sticks to Snakes
  1139 | D:2      | Reached XP level 3. HP: 16/23 MP: 6/6
  1447 | D:2      | Noticed Terence
  1458 | D:2      | Killed Terence
  1499 | D:2      | Reached XP level 4. HP: 23/28 MP: 7/7
  1513 | D:2      | Learned a level 3 spell: Spider Form
  2212 | D:3      | Found a glowing golden altar of the Shining One.
  2525 | D:3      | Reached XP level 5. HP: 27/33 MP: 8/8
  2569 | D:3      | HP: 1/33 [poisoned by an adder]
  2570 | D:3      | Gained mutation: You are surrounded by a mild repulsion field (EV +2). [potion of beneficial mutation]
  2570 | D:3      | Succumbed to an adder's poison

Skill      XL: |  1  2  3  4 |
---------------+-------------+-----
Transmutations | 3 4 |  4.2
Unarmed Combat | 4 |  4.0
Fighting       | |  1.0
Dodging        | |  2.0
Spellcasting   | |  2.0

Action                   |  1- 3 |  4- 6 || total
-------------------------+-------+-------++-------
Melee: Unarmed           |    64 |    62 ||   126
       Constrict         |    16 |    18 ||    34
       Tentacles         |     8 |    11 ||    19
       Kick              |     5 |     4 ||     9
       Punch             |       |     6 ||     6
 Cast: Beastly Appendage |     5 |     5 ||    10
       Sticks to Snakes  |     4 |       ||     4
  Use: Potion            |       |     4 ||     4
 Stab: Sleeping          |     1 |     3 ||     4
  Eat: Chunk             |     2 |     3 ||     5
Armor: Skin              |     6 |     3 ||     9
Dodge: Dodged            |    37 |    26 ||    63
